 Dungeon Crawl Stone Soup version 0.21.1-1-g345015f (webtiles) character file.

198 Inarius the Ruffian (level 5, -3/42 HPs)
             Began as a Ghoul Gladiator on Feb 26, 2018.
             Slain by an iguana (8 damage)
             ... on level 4 of the Dungeon.
             The game lasted 00:05:03 (2359 turns).

Inarius the Ruffian (Ghoul Gladiator)               Turns: 2359, Time: 00:05:04

Health: -3/42      AC:  7    Str: 18    XL:     5   Next: 76%
Magic:  4/4        EV: 10    Int:  9    God:    Xom [..*...]
Gold:   242        SH:  0    Dex: 10    Spells: 4/4 levels left

rFire    + . .     SeeInvis .     - Unarmed
rCold    . . .     Gourm    .   (no shield)
rNeg     + + +     Faith    .   p - +0 scale mail
rPois    ∞         Spirit   .   b - +0 helmet
rElec    .         Reflect  .   (no cloak)
rCorr    .         Harm     .   (no gloves)
MR       .....     Rnd*Tele +   (no boots)
Stlth    ..........             (no amulet)
HPRegen  0.00/turn              j - ring of fire
MPRegen  0.09/turn              n - ring of teleportation (curse)

@: brilliant, rotting
A: rotting body, claws 1, carnivore, cold resistance 1, negative energy
resistance 3, inhibited regeneration, torment resistance, unbreathing
a: Renounce Religion


You were on level 4 of the Dungeon.
You worshipped Xom.
You were a toy of Xom.
You were not hungry.

You visited 1 branch of the dungeon, and saw 4 of its levels.

You collected 242 gold pieces.

Inventory:

Missiles
 c - 3 throwing nets (quivered)
Armour
 b - a +0 helmet (worn)
 p - a +0 scale mail (worn)
Jewellery
 e - an uncursed amulet of the gourmand {unknown}
 j - a ring of fire (left claw)
 n - a cursed ring of teleportation (right claw)
Scrolls
 f - 2 scrolls of teleportation
 i - 2 scrolls of identify
 l - a scroll of immolation
Potions
 g - a potion of flight {unknown}
 k - a potion of haste {unknown}
 m - a potion of heal wounds {unknown}
 o - 2 potions of berserk rage {unknown}
Comestibles
 d - 6 rations
 h - a chunk of flesh


   Skills:
 + Level 2.7 Fighting
 - Level 1.7 Throwing
 + Level 1.5 Armour
 + Level 3.4 Dodging
 - Level 0.4 Stealth
 + Level 5.5 Unarmed Combat


You had 4 spell levels left.
You didn't know any spells.

Dungeon Overview and Level Annotations

Branches:
Dungeon (4/15)
 Temple: D:4-7

Altars:
Elyvilon
Xom
Zin
The Shining One


Innate Abilities, Weirdness & Mutations

Your body is rotting away.
You thrive on raw meat.
You are immune to poison.
You have sharp fingernails.
You are carnivorous and can eat meat at any time.
Your flesh is cold resistant. (rC+)
You are immune to negative energy. (rN+++)
You do not regenerate when monsters are visible.
You are immune to unholy pain and torment.
You can survive without breathing.


Message History

You are too injured to fight recklessly!
You scratch the iguana but do no damage.
The iguana is almost dead.
The iguana bites you.
You barely miss the iguana.
The iguana is almost dead.
The iguana bites you but does no damage.
You closely miss the iguana.
The iguana is almost dead.
The iguana bites you.
* * * LOW HITPOINT WARNING * * *
You barely miss the iguana.
The iguana is almost dead.
The iguana bites you.
* * * LOW HITPOINT WARNING * * *
It was a potion of brilliance.
You feel clever all of a sudden.
Xom thinks this is hilarious!
The iguana bites you!
You die...

###### #....####
#........ #........
#l....... #@.......
#....##.. #....# .#
#....##.# #. #....##.#
#.#
#####....##.#####.##
#........##.........
#.^^^..........###.###
#.^_^............#.#..


You could see an iguana.

Vanquished Creatures
  A scorpion (D:3)
  2 orc wizards (D:4)
  2 adders
  3 worms
  A dart slug (D:1)
  3 leopard geckos
  4 orcs
  3 giant cockroaches
  8 goblins
  11 hobgoblins
  4 kobolds
  2 ball pythons
  3 bats
  11 frilled lizards
  4 rats
  A plant (D:4)
63 creatures vanquished.

Vanquished Creatures (others)
  A plant (D:4)
1 creature vanquished.

Grand Total: 64 creatures vanquished

Notes
Turn   | Place    | Note
-------+----------+-------------------------------------------
     0 | D:1      | Inarius the Ghoul Gladiator began the quest for the Orb.
     0 | D:1      | Reached XP level 1. HP: 17/17 MP: 0/0
   110 | D:1      | Reached XP level 2. HP: 24/25 MP: 1/1
   773 | D:2      | Reached XP level 3. HP: 26/30 MP: 2/2
   818 | D:2      | Noticed an ice beast
  1001 | D:2      | Reached skill level 4 in Unarmed Combat
  1369 | D:3      | Reached XP level 4. HP: 19/37 MP: 3/3
  1429 | D:3      | Reached skill level 1 in Armour
  1612 | D:3      | Reached XP level 5. HP: 42/42 MP: 4/4
  1656 | D:3      | Reached skill level 5 in Unarmed Combat
  2239 | D:4      | Found a white marble altar of Elyvilon.
  2239 | D:4      | Found a glowing silver altar of Zin.
  2311 | D:4      | Found a glowing golden altar of the Shining One.
  2325 | D:4      | Found a shimmering altar of Xom.
  2337 | D:4      | Became a worshipper of Xom of Ineffable Intent
  2359 | D:4      | Slain by an iguana

Skill      XL: |  1  2  3  4  5 |
---------------+----------------+-----
Dodging        | 3 |  3.4
Unarmed Combat | 4 5 |  5.5
Armour         | 1 |  1.5
Fighting       | |  2.7
Throwing       | |  1.7
Stealth        | |  0.4

Action                   |  1- 3 |  4- 6 || total
-------------------------+-------+-------++-------
Melee: Unarmed           |   122 |   121 ||   243
       Punch             |       |     5 ||     5
  Use: Scroll            |     2 |     1 ||     3
       Potion            |       |     1 ||     1
  Eat: Chunk             |    14 |    15 ||    29
Armor: Leather armour    |     1 |       ||     1
       Ring mail         |    42 |    15 ||    57
       Scale mail        |       |    14 ||    14
Dodge: Dodged            |    50 |    32 ||    82
